Senators vs Mustangs
Created - May 1, 2018 at 20:05
Goals
|
Senators |
2 |
4 |
2 |
8 |
Mustangs |
1 |
2 |
3 |
6 |
|
Shots
|
Senators |
14 |
24 |
9 |
47 |
Mustangs |
18 |
9 |
13 |
40 |
|
1st period
1. Senators , Patrick Bordeleau 20 (Matt Frattin 37, Tommy Wingels 34) at 3:05
2. Senators , Shane Sims 4 (Stephane Da Costa 64, Gabriel Bourque 54) at 3:43
3. Mustangs , Riley Sheahan 44 (Tomas Tatar 26) at 18:01
Penalties :
Josh Jooris (Ham) for Interference (Minor) at 4:17
2nd period
4. Senators , Gabriel Bourque 48 (Stephane Da Costa 65, Arturs Kulda 13) at 0:56
5. Mustangs , Andrew Shaw 24 (Tomas Tatar 27, Riley Sheahan 69) at 7:22
6. Senators , Matt Frattin 29 (Tommy Wingels 35) at 9:30
7. Senators , Matt Frattin 30 (Logan Stephenson 34, Shane Sims 29) at 11:00
8. Mustangs , Mika Zibanejad 28 (Francis Paré 6, Brady Skjei 58) at 12:35
9. Senators , Tomas Jurco 14 (Arturs Kulda 14, Ian Cole 51) at 14:26
Penalties :
Matt Frattin (BIN) for Holding (Minor) at 18:29
3rd period
10. Senators , Tomas Jurco 15 (Phil Di Giuseppe 4, Jeff Petry 24) at 4:22
11. Mustangs , Riley Sheahan 45 (Alexei Marchenko 17, Tomas Tatar 28) at 7:50
12. Mustangs , Mika Zibanejad 29 (Cameron Gaunce 41, Josh Jooris 64) at 12:17 (PP)
13. Senators , Tomas Jurco 16 (Logan Stephenson 35) at 13:33
14. Mustangs , Mika Zibanejad 30 (Curtis Hamilton 8) at 18:00
Penalties :
Andrew Shaw (Ham) for Hooking (Minor) at 1:47, Jeff Petry (BIN) for Close Hand On Puck (Minor) at 12:03
Goalie Stats
Brad Thiessen (BIN), 34 saves from 40 shots - (0.850), W, 36-21-3, 60:00 minutes
Peter Mannino (Ham), 18 saves from 23 shots - (0.783), 31:00 minutes
Chet Pickard (Ham), 21 saves from 24 shots - (0.875), L, 13-4-6, 29:00 minutes
Players Stats for Senators
Player Name G A P +/- PIM S H SB GA TA FO MP PP MP PK MP
------------------------------------------------------------------------------------
Arturs Kulda 0 2 2 2 0 1 4 2 0 1 0/0 24:23 2:16 1:21
Chandler Stephenson 0 0 0 0 0 0 0 0 0 0 0/0 0:00 0:00 0:00
Chris Thorburn 0 0 0 1 0 2 1 1 0 1 1/1 21:19 2:07 1:35
Dylan Blujus 0 0 0 0 0 0 0 0 0 0 0/0 4:34 0:00 0:00
Freddie Hamilton 0 0 0 0 0 0 0 0 0 0 0/0 0:03 0:03 0:00
Gabriel Bourque 1 1 2 1 0 7 1 0 1 0 2/5 19:44 2:07 0:21
Ian Cole 0 1 1 2 0 1 0 1 1 0 0/0 24:23 2:16 1:21
Jarrod Maidens 0 0 0 0 0 0 0 0 0 0 0/0 0:17 0:00 0:17
Jeff Petry 0 1 1 0 2 0 0 0 0 0 0/0 11:48 0:00 0:00
Keegan Lowe 0 0 0 0 0 0 0 0 0 0 0/0 4:34 0:00 0:00
Logan Stephenson 0 2 2 1 0 1 0 2 0 0 0/0 19:14 1:42 0:52
Marc-André Bernier 0 0 0 -3 0 2 0 0 0 1 0/0 12:47 0:00 0:00
Matt Frattin 2 1 3 3 2 8 3 1 0 0 0/0 17:07 1:51 0:00
Olli Maatta 0 0 0 0 0 0 1 1 0 1 0/0 11:49 0:00 0:00
Patrick Bordeleau 1 0 1 3 0 3 2 1 1 0 1/2 16:44 1:48 0:00
Phil Di Giuseppe 0 1 1 2 0 1 0 0 0 0 0/0 8:29 0:00 0:00
Ryan Dzingel 0 0 0 -3 0 4 4 0 1 0 0/0 13:04 0:00 0:17
Shane Prince 0 0 0 -3 0 1 1 0 0 0 1/5 12:47 0:00 0:00
Shane Sims 1 1 2 1 0 2 2 1 0 0 0/0 19:14 1:42 0:52
Stephane Da Costa 0 2 2 1 0 6 2 0 0 1 20/36 21:19 2:07 1:35
Tomas Jurco 3 0 3 2 0 3 0 0 0 0 0/0 8:29 0:00 0:00
Tommy Wingels 0 2 2 3 0 4 0 0 1 1 12/20 17:08 1:51 0:21
Zemgus Girgensons 0 0 0 2 0 1 0 0 0 0 1/2 8:29 0:00 0:00
Players Stats for Mustangs
Player Name G A P +/- PIM S H SB GA TA FO MP PP MP PK MP
------------------------------------------------------------------------------------
Alexei Marchenko 0 1 1 3 0 2 0 1 0 1 0/0 11:27 0:00 0:00
Andreas Athanasiou 0 0 0 0 0 0 0 1 0 0 2/5 4:03 0:00 0:00
Andrew Shaw 1 0 1 2 2 3 2 0 0 0 0/1 16:21 0:45 0:00
Brady Skjei 0 1 1 -5 0 4 0 0 1 0 0/0 27:57 1:35 2:32
Cameron Gaunce 0 1 1 -5 0 2 0 2 1 0 0/0 27:57 1:35 2:32
Curtis Hamilton 0 1 1 0 0 0 1 0 0 0 0/0 7:20 0:00 0:00
Derek Joslin 0 0 0 -1 0 0 1 3 0 2 0/0 20:36 0:38 1:26
Francis Paré 0 1 1 0 0 3 0 0 0 0 0/0 7:20 0:00 0:00
Jerome Samson 0 0 0 -2 0 2 2 0 0 1 0/0 11:43 0:00 0:00
Jim O'Brien 0 0 0 -2 0 4 3 0 0 0 2/6 14:21 0:00 1:02
Josh Jooris 0 1 1 -3 2 0 1 0 1 0 3/5 20:36 1:28 0:00
Joshua Leivo 0 0 0 -2 0 0 1 1 0 0 0/0 12:19 0:00 0:16
Marcus Foligno 0 0 0 -3 0 2 3 0 1 1 1/4 21:26 1:28 2:05
Mark Pysyk 0 0 0 -1 0 1 1 1 0 0 0/0 20:36 0:38 1:26
Mika Zibanejad 3 0 3 -1 0 6 0 1 0 0 15/33 21:35 1:28 0:47
Riley Sheahan 2 1 3 0 0 8 1 0 0 0 10/17 20:01 0:45 2:09
Scott Mayfield 0 0 0 3 0 0 0 1 0 0 0/0 11:27 0:00 0:00
Tomas Tatar 0 3 3 2 0 3 2 1 2 0 0/0 18:55 0:45 1:37
3 Stars
1 - Tomas Jurco (BIN)
2 - Matt Frattin (BIN)
3 - Mika Zibanejad (Ham)
Power Play
Senators - 0 on 2 Attempt(s) - 0.00%
Mustangs - 1 on 2 Attempt(s) - 50.00%
Penalty Kill
Senators - 1 on 2 Attempt(s) - 50.00%
- Score 0 goal in Penalty Kill
Mustangs - 2 on 2 Attempt(s) - 100.00%
- Score 0 goal in Penalty Kill
Team Stat
Senators - Hits : 21 - Faceoff Wins : 38 - Blocked Shots : 10 - Penalty Minutes : 4
Mustangs - Hits : 18 - Faceoff Wins : 33 - Blocked Shots : 12 - Penalty Minutes : 4
Official
Referees : Pollock Kevin and McCauley Wes
Linesman : Scott Cherrey and Michel Cormier
Game Notes
Andreas Athanasiou is injured at 8:34 of 2nd period (Sports Hernia)
Chet Pickard enters game at 11:00 of 2nd period
7:50 of 3rd period - Mustangs goal is going for a video replay. After video review, Goal.
Tomas Jurco has scored a Hat Trick!
Mika Zibanejad has scored a Hat Trick!
Finance
Level 1 -- Attendance: 1468 (73.40%) -- Ticket Income $58,720
Level 2 -- Attendance: 727 (72.70%) -- Ticket Income $14,540
Total Attendance: 2195 (73.17%)
Total Ticket Income: $73,260
Other Income: $3,663
Total Income: $76,923
Senators
5 vs 5 Forward
Center Left Wing Right Wing Time % Phy DF OF
1 Stephane Da Costa Gabriel Bourque Chris Thorburn 40 1 2 2
2 Tommy Wingels Patrick Bordeleau Matt Frattin 30 1 2 2
3 Shane Prince Ryan Dzingel Marc-André Bernier 20 1 2 2
4 Zemgus Girgensons Phil Di Giuseppe Tomas Jurco 10 1 2 2
5 vs 5 Defense
Defense Defense Time % Phy DF OF
1 Arturs Kulda Ian Cole 40 1 2 2
2 Logan Stephenson Shane Sims 30 1 2 2
3 Jeff Petry Olli Maatta 20 1 2 2
4 Dylan Blujus Keegan Lowe 10 1 2 2
PowerPlay Forward
Center Left Wing Right Wing Time % Phy DF OF
1 Stephane Da Costa Gabriel Bourque Chris Thorburn 60 1 2 2
2 Tommy Wingels Patrick Bordeleau Matt Frattin 40 1 2 2
PowerPlay Defense
Defense Defense Time % Phy DF OF
1 Arturs Kulda Ian Cole 60 1 2 2
2 Logan Stephenson Shane Sims 40 1 2 2
Penalty Kill 4 Players Forward
Center Wing Time % Phy DF OF
1 Stephane Da Costa Chris Thorburn 60 1 2 2
2 Gabriel Bourque Tommy Wingels 40 1 2 2
Penalty Kill 4 Players Defense
Defense Defense Time % Phy DF OF
1 Arturs Kulda Ian Cole 60 1 2 2
2 Logan Stephenson Shane Sims 40 1 2 2
Penalty Kill - 3 Players Forward
Forward Time % Phy DF OF
1 Stephane Da Costa 60 1 2 2
2 Chris Thorburn 40 1 2 2
Penalty Kill - 3 Players Defense
Defense Defense Time % Phy DF OF
1 Arturs Kulda Ian Cole 60 1 2 2
2 Logan Stephenson Shane Sims 40 1 2 2
4 vs 4 Forward
Center Wing Time % Phy DF OF
1 Stephane Da Costa Chris Thorburn 60 1 2 2
2 Gabriel Bourque Tommy Wingels 40 1 2 2
4 vs 4 Defense
Defense Defense Time % Phy DF OF
1 Arturs Kulda Ian Cole 60 1 2 2
2 Logan Stephenson Shane Sims 40 1 2 2
Last Minutes Offensive
Center Left Wing Right Wing Defense Defense
Stephane Da Costa Gabriel Bourque Chris Thorburn Arturs Kulda Ian Cole
Last Minutes Defensive
Center Left Wing Right Wing Defense Defense
Stephane Da Costa Gabriel Bourque Chris Thorburn Arturs Kulda Ian Cole
Goaltenders
Starting : Brad Thiessen
Backup : Ben Bishop
Extra Forwards
Normal : Freddie Hamilton, Chandler Stephenson, Jarrod Maidens - PP : Freddie Hamilton, Chandler Stephenson - PK : Jarrod Maidens
Extra Defensemen
Normal : Jeff Petry, Olli Maatta, Dylan Blujus - PP : Jeff Petry - PK : Olli Maatta, Dylan Blujus
Penalty Shots
Stephane Da Costa, Chris Thorburn, Gabriel Bourque, Tommy Wingels, Matt Frattin
Scratches
Matt Murray (Healthy), Matt Tomkins (Healthy)
Mustangs
5 vs 5 Forward
Center Left Wing Right Wing Time % Phy DF OF
1 Mika Zibanejad Marcus Foligno Josh Jooris 40 1 2 2
2 Riley Sheahan Tomas Tatar Andrew Shaw 30 1 2 2
3 Jim O'Brien Joshua Leivo Jerome Samson 20 1 2 2
4 Andreas Athanasiou Curtis Hamilton Francis Paré 10 1 2 2
5 vs 5 Defense
Defense Defense Time % Phy DF OF
1 Cameron Gaunce Brady Skjei 44 1 2 2
2 Derek Joslin Mark Pysyk 33 1 2 2
3 Alexei Marchenko Scott Mayfield 23 1 2 2
4 Cameron Gaunce Brady Skjei 0 1 2 2
PowerPlay Forward
Center Left Wing Right Wing Time % Phy DF OF
1 Mika Zibanejad Marcus Foligno Josh Jooris 60 1 2 2
2 Riley Sheahan Tomas Tatar Andrew Shaw 40 1 2 2
PowerPlay Defense
Defense Defense Time % Phy DF OF
1 Cameron Gaunce Brady Skjei 60 1 2 2
2 Derek Joslin Mark Pysyk 40 1 2 2
Penalty Kill 4 Players Forward
Center Wing Time % Phy DF OF
1 Riley Sheahan Marcus Foligno 60 1 2 2
2 Jim O'Brien Tomas Tatar 40 1 2 2
Penalty Kill 4 Players Defense
Defense Defense Time % Phy DF OF
1 Cameron Gaunce Brady Skjei 60 1 2 2
2 Derek Joslin Mark Pysyk 40 1 2 2
Penalty Kill - 3 Players Forward
Forward Time % Phy DF OF
1 Riley Sheahan 60 1 2 2
2 Jim O'Brien 40 1 2 2
Penalty Kill - 3 Players Defense
Defense Defense Time % Phy DF OF
1 Cameron Gaunce Brady Skjei 60 1 2 2
2 Derek Joslin Mark Pysyk 40 1 2 2
4 vs 4 Forward
Center Wing Time % Phy DF OF
1 Mika Zibanejad Marcus Foligno 60 1 2 2
2 Riley Sheahan Tomas Tatar 40 1 2 2
4 vs 4 Defense
Defense Defense Time % Phy DF OF
1 Cameron Gaunce Brady Skjei 60 1 2 2
2 Derek Joslin Mark Pysyk 40 1 2 2
Last Minutes Offensive
Center Left Wing Right Wing Defense Defense
Mika Zibanejad Marcus Foligno Josh Jooris Cameron Gaunce Brady Skjei
Last Minutes Defensive
Center Left Wing Right Wing Defense Defense
Riley Sheahan Marcus Foligno Josh Jooris Cameron Gaunce Brady Skjei
Goaltenders
Starting : Peter Mannino
Backup : Chet Pickard
Extra Forwards
Normal : Riley Sheahan, Mika Zibanejad, Jim O'Brien - PP : Mika Zibanejad, Riley Sheahan - PK : Marcus Foligno
Extra Defensemen
Normal : Brady Skjei, Mark Pysyk, Cameron Gaunce - PP : Brady Skjei - PK : Derek Joslin, Cameron Gaunce
Penalty Shots
Riley Sheahan, Mika Zibanejad, Andrew Shaw, Marcus Foligno, Josh Jooris
Scratches
Roman Horak (Healthy), Dominik Uher (Healthy), Joe Finley (Healthy), Eric Knodel (Healthy), Matthew Finn (Healthy)
Danny Biega (Healthy), Raphael Bussieres (Healthy), Sam Kurker (Healthy), Max Gortz (Healthy), Rick Schofield (Healthy)
Denis Bodrov (Healthy), Riley Nash (Healthy), Justin Peters (Healthy), Joacim Eriksson (Healthy)
% Time on Ice - Senators
Lines # - Real PCT - Wanted PCT - Time Play
Normal Forward
1 - 33% - 40% - 17:37
2 - 28% - 30% - 14:56
3 - 24% - 20% - 12:47
4 - 16% - 10% - 8:29
Normal Defense
1 - 39% - 40% - 20:46
2 - 31% - 30% - 16:40
3 - 22% - 20% - 11:49
4 - 8% - 10% - 4:34
PP Forward
1 - 53% - 60% - 2:07
2 - 47% - 40% - 1:51
PP Defense
1 - 57% - 60% - 2:16
2 - 43% - 40% - 1:42
PK Forward
1 - 84% - 60% - 1:52
2 - 16% - 40% - 0:21
PK Defense
1 - 61% - 60% - 1:21
2 - 39% - 40% - 0:52
PK3 Forward
1 - 0% - 60%
2 - 0% - 40%
PK3 Defense
1 - 0% - 60%
2 - 0% - 40%
44 Forward
1 - 0% - 60%
2 - 0% - 40%
44 Defense
1 - 0% - 60%
2 - 0% - 40%
Last Minute Offensive - 0:00
Last Minute Defensive - 0:00
Total
Forward - 60:00
Defense - 60:00
|
% Time on Ice - Mustangs
Lines # - Real PCT - Wanted PCT - Time Play
Normal Forward
1 - 34% - 40% - 18:13
2 - 31% - 30% - 16:33
3 - 22% - 20% - 11:43
4 - 14% - 10% - 7:20
Normal Defense
1 - 44% - 44% - 23:50
2 - 34% - 33% - 18:32
3 - 21% - 23% - 11:27
4 - 0% - 0% - 0:00
PP Forward
1 - 66% - 60% - 1:28
2 - 34% - 40% - 0:45
PP Defense
1 - 71% - 60% - 1:35
2 - 29% - 40% - 0:38
PK Forward
1 - 78% - 60% - 3:05
2 - 22% - 40% - 0:53
PK Defense
1 - 64% - 60% - 2:32
2 - 36% - 40% - 1:26
PK3 Forward
1 - 0% - 60%
2 - 0% - 40%
PK3 Defense
1 - 0% - 60%
2 - 0% - 40%
44 Forward
1 - 0% - 60%
2 - 0% - 40%
44 Defense
1 - 0% - 60%
2 - 0% - 40%
Last Minute Offensive - 0:00
Last Minute Defensive - 0:00
Total
Forward - 60:00
Defense - 60:00
|
Play by Play
1st period
0:01 of 1st period - Josh Jooris wins face-off versus Stephane Da Costa in neutral zone.
0:15 of 1st period - Off-side.
0:16 of 1st period - Riley Sheahan wins face-off versus Tommy Wingels in neutral zone.
0:19 of 1st period - Shane Sims is hit by Tomas Tatar and loses puck.
0:42 of 1st period - Marc-André Bernier is hit by Derek Joslin.
1:43 of 1st period - Snap shot by Matt Frattin.
1:43 of 1st period - Stopped by Peter Mannino with a rebound.
2:11 of 1st period - Snap shot by Mika Zibanejad.
2:11 of 1st period - Shot Misses the Net.
2:13 of 1st period - Wrist shot by Cameron Gaunce.
2:13 of 1st period - Deflect By Marcus Foligno.
2:13 of 1st period - Stopped by Brad Thiessen without a rebound.
2:14 of 1st period - Chris Thorburn wins face-off versus Andrew Shaw in Senators zone.
2:25 of 1st period - Off-side.
2:26 of 1st period - Stephane Da Costa wins face-off versus Mika Zibanejad in neutral zone.
2:33 of 1st period - Off-side.
2:34 of 1st period - Stephane Da Costa wins face-off versus Mika Zibanejad in neutral zone.
3:05 of 1st period - Slapshot by Patrick Bordeleau.
3:05 of 1st period - Goal by Patrick Bordeleau - Senators : 1 - Mustangs : 0.
3:06 of 1st period - Andreas Athanasiou wins face-off versus Tommy Wingels in neutral zone.
3:10 of 1st period - Slapshot by Brady Skjei.
3:10 of 1st period - Stopped by Brad Thiessen without a rebound.
3:11 of 1st period - Tommy Wingels wins face-off versus Andreas Athanasiou in Senators zone.
3:41 of 1st period - Wrist shot by Stephane Da Costa.
3:41 of 1st period - Shot Blocked by Cameron Gaunce.
3:43 of 1st period - Slapshot by Shane Sims.
3:43 of 1st period - Deflect By Cameron Gaunce.
3:43 of 1st period - Goal by Shane Sims - Senators : 2 - Mustangs : 0.
3:44 of 1st period - Shane Prince wins face-off versus Riley Sheahan in neutral zone.
3:53 of 1st period - Snap shot by Marc-André Bernier.
3:53 of 1st period - Stopped by Peter Mannino with a rebound.
3:59 of 1st period - Snap shot by Riley Sheahan.
3:59 of 1st period - Shot Blocked by Olli Maatta.
4:17 of 1st period - Minor Penalty to Josh Jooris for Interference.
4:18 of 1st period - Riley Sheahan wins face-off versus Stephane Da Costa in Mustangs zone.
4:34 of 1st period - Brady Skjei is hit by Arturs Kulda and loses puck.
4:47 of 1st period - Cameron Gaunce is hit by Patrick Bordeleau and loses puck.
4:56 of 1st period - Shane Sims is hit by Tomas Tatar and loses puck.
5:04 of 1st period - Icing by Shane Sims.
5:05 of 1st period - Riley Sheahan wins face-off versus Stephane Da Costa in Senators zone.
6:17 of 1st period - Penalty to Josh Jooris is over, Josh Jooris is back on ice.
6:26 of 1st period - Icing by Tomas Tatar.
6:27 of 1st period - Zemgus Girgensons wins face-off versus Jim O'Brien in Mustangs zone.
6:50 of 1st period - Wrist shot by Tomas Tatar.
6:50 of 1st period - Stopped by Brad Thiessen with a rebound.
6:52 of 1st period - Wrist shot by Tomas Tatar.
6:52 of 1st period - Stopped by Brad Thiessen with a rebound.
7:08 of 1st period - Wrist shot by Tomas Tatar.
7:08 of 1st period - Shot Misses the Net.
7:10 of 1st period - Slapshot by Brady Skjei.
7:10 of 1st period - Shot Misses the Net.
7:22 of 1st period - Backhand shot by Josh Jooris.
7:22 of 1st period - Shot Misses the Net.
7:32 of 1st period - Wrist shot by Jim O'Brien.
7:32 of 1st period - Stopped by Brad Thiessen without a rebound.
7:33 of 1st period - Andreas Athanasiou wins face-off versus Stephane Da Costa in Senators zone.
7:41 of 1st period - Off-side.
7:42 of 1st period - Stephane Da Costa wins face-off versus Andreas Athanasiou in neutral zone.
7:51 of 1st period - Wrist shot by Gabriel Bourque.
7:51 of 1st period - Stopped by Peter Mannino without a rebound.
7:52 of 1st period - Stephane Da Costa wins face-off versus Andreas Athanasiou in Mustangs zone.
7:57 of 1st period - Wrist shot by Chris Thorburn.
7:57 of 1st period - Shot Misses the Net.
7:59 of 1st period - Snap shot by Stephane Da Costa.
7:59 of 1st period - Shot Blocked by Mark Pysyk.
8:01 of 1st period - Snap shot by Gabriel Bourque.
8:01 of 1st period - Stopped by Peter Mannino with a rebound.
8:03 of 1st period - Slapshot by Gabriel Bourque.
8:03 of 1st period - Stopped by Peter Mannino without a rebound.
8:04 of 1st period - Mika Zibanejad wins face-off versus Patrick Bordeleau in Mustangs zone.
9:01 of 1st period - Snap shot by Marc-André Bernier.
9:01 of 1st period - Stopped by Peter Mannino without a rebound.
9:02 of 1st period - Tommy Wingels wins face-off versus Josh Jooris in Mustangs zone.
9:17 of 1st period - Backhand shot by Matt Frattin.
9:17 of 1st period - Shot Misses the Net.
10:13 of 1st period - Slapshot by Patrick Bordeleau.
10:13 of 1st period - Stopped by Peter Mannino without a rebound.
10:14 of 1st period - Patrick Bordeleau wins face-off versus Jim O'Brien in Mustangs zone.
10:15 of 1st period - Snap shot by Matt Frattin.
10:15 of 1st period - Shot Misses the Net.
10:38 of 1st period - Snap shot by Jim O'Brien.
10:38 of 1st period - Shot Blocked by Matt Frattin.
10:40 of 1st period - Snap shot by Alexei Marchenko.
10:40 of 1st period - Stopped by Brad Thiessen with a rebound.
10:42 of 1st period - Wrist shot by Alexei Marchenko.
10:42 of 1st period - Stopped by Brad Thiessen with a rebound.
10:44 of 1st period - Slapshot by Scott Mayfield.
10:44 of 1st period - Shot Blocked by Patrick Bordeleau.
10:50 of 1st period - Snap shot by Jim O'Brien.
10:50 of 1st period - Shot Misses the Net.
10:54 of 1st period - Wrist shot by Jim O'Brien.
10:54 of 1st period - Stopped by Brad Thiessen with a rebound.
10:56 of 1st period - Wrist shot by Alexei Marchenko.
10:56 of 1st period - Shot Misses the Net.
10:58 of 1st period - Snap shot by Jim O'Brien.
10:58 of 1st period - Stopped by Brad Thiessen without a rebound.
10:59 of 1st period - Mika Zibanejad wins face-off versus Stephane Da Costa in Senators zone.
12:41 of 1st period - Marc-André Bernier is hit by Riley Sheahan and loses puck.
13:05 of 1st period - Icing by Gabriel Bourque.
13:06 of 1st period - Stephane Da Costa wins face-off versus Mika Zibanejad in Senators zone.
13:35 of 1st period - Snap shot by Stephane Da Costa.
13:35 of 1st period - Stopped by Peter Mannino with a rebound.
13:37 of 1st period - Wrist shot by Stephane Da Costa.
13:37 of 1st period - Shot Misses the Net.
14:07 of 1st period - Slapshot by Gabriel Bourque.
14:07 of 1st period - Shot Misses the Net.
14:09 of 1st period - Wrist shot by Chris Thorburn.
14:09 of 1st period - Stopped by Peter Mannino without a rebound.
14:10 of 1st period - Tommy Wingels wins face-off versus Riley Sheahan in Mustangs zone.
14:21 of 1st period - Slapshot by Matt Frattin.
14:21 of 1st period - Shot Misses the Net.
14:25 of 1st period - Slapshot by Tommy Wingels.
14:25 of 1st period - Stopped by Peter Mannino with a rebound.
14:35 of 1st period - Ryan Dzingel is hit by Jerome Samson.
14:56 of 1st period - Snap shot by Francis Paré.
14:56 of 1st period - Stopped by Brad Thiessen with a rebound.
14:58 of 1st period - Snap shot by Andreas Athanasiou.
14:58 of 1st period - Shot Misses the Net.
15:00 of 1st period - Slapshot by Mark Pysyk.
15:00 of 1st period - Stopped by Brad Thiessen with a rebound.
15:04 of 1st period - Wrist shot by Francis Paré.
15:04 of 1st period - Stopped by Brad Thiessen without a rebound.
15:05 of 1st period - Riley Sheahan wins face-off versus Tommy Wingels in Senators zone.
15:33 of 1st period - Off-side.
15:34 of 1st period - Jim O'Brien wins face-off versus Zemgus Girgensons in neutral zone.
16:27 of 1st period - Snap shot by Riley Sheahan.
16:27 of 1st period - Shot Misses the Net.
17:02 of 1st period - Backhand shot by Mika Zibanejad.
17:02 of 1st period - Stopped by Brad Thiessen without a rebound.
17:03 of 1st period - Mika Zibanejad wins face-off versus Stephane Da Costa in Senators zone.
17:18 of 1st period - Ian Cole is hit by Marcus Foligno and loses puck.
17:59 of 1st period - Backhand shot by Riley Sheahan.
17:59 of 1st period - Stopped by Brad Thiessen with a rebound.
18:01 of 1st period - Wrist shot by Riley Sheahan.
18:01 of 1st period - Goal by Riley Sheahan - Senators : 2 - Mustangs : 1.
18:02 of 1st period - Stephane Da Costa wins face-off versus Riley Sheahan in neutral zone.
18:15 of 1st period - Snap shot by Gabriel Bourque.
18:15 of 1st period - Shot Blocked by Tomas Tatar.
18:17 of 1st period - Snap shot by Chris Thorburn.
18:17 of 1st period - Shot Hit the Post.
18:27 of 1st period - Riley Sheahan is hit by Ryan Dzingel and loses puck.
18:42 of 1st period - Snap shot by Tomas Tatar.
18:42 of 1st period - Stopped by Brad Thiessen without a rebound.
18:43 of 1st period - Mika Zibanejad wins face-off versus Stephane Da Costa in Senators zone.
18:46 of 1st period - Snap shot by Marcus Foligno.
18:46 of 1st period - Stopped by Brad Thiessen with a rebound.
19:11 of 1st period - Snap shot by Jim O'Brien.
19:11 of 1st period - Stopped by Brad Thiessen with a rebound.
19:14 of 1st period - Icing by Shane Sims.
19:15 of 1st period - Tommy Wingels wins face-off versus Jim O'Brien in Senators zone.
19:20 of 1st period - Snap shot by Matt Frattin.
19:20 of 1st period - Stopped by Peter Mannino with a rebound.
19:48 of 1st period - Wrist shot by Patrick Bordeleau.
19:48 of 1st period - Shot Misses the Net.
19:50 of 1st period - Slapshot by Logan Stephenson.
19:50 of 1st period - Stopped by Peter Mannino without a rebound.
19:51 of 1st period - Mika Zibanejad wins face-off versus Gabriel Bourque in Mustangs zone.
Goals for this period are 2 for Senators vs 1 for Mustangs.
Shots for this period are 14 for Senators vs 18 for Mustangs.
2nd period
0:01 of 2nd period - Mika Zibanejad wins face-off versus Gabriel Bourque in neutral zone.
0:06 of 2nd period - Wrist shot by Mika Zibanejad.
0:06 of 2nd period - Stopped by Brad Thiessen without a rebound.
0:07 of 2nd period - Stephane Da Costa wins face-off versus Mika Zibanejad in Senators zone.
0:54 of 2nd period - Wrist shot by Stephane Da Costa.
0:54 of 2nd period - Shot Misses the Net.
0:56 of 2nd period - Snap shot by Gabriel Bourque.
0:56 of 2nd period - Goal by Gabriel Bourque - Senators : 3 - Mustangs : 1.
0:57 of 2nd period - Josh Jooris wins face-off versus Tommy Wingels in neutral zone.
1:22 of 2nd period - Derek Joslin is hit by Shane Prince.
1:49 of 2nd period - Brady Skjei is hit by Arturs Kulda and loses puck.
2:39 of 2nd period - Scott Mayfield is hit by Patrick Bordeleau and loses puck.
3:09 of 2nd period - Snap shot by Stephane Da Costa.
3:09 of 2nd period - Shot Blocked by Alexei Marchenko.
3:32 of 2nd period - Wrist shot by Zemgus Girgensons.
3:32 of 2nd period - Stopped by Peter Mannino with a rebound.
4:22 of 2nd period - Ryan Dzingel is hit by Jim O'Brien and loses puck.
4:36 of 2nd period - Arturs Kulda is hit by Joshua Leivo and loses puck.
5:23 of 2nd period - Off-side.
5:24 of 2nd period - Stephane Da Costa wins face-off versus Mika Zibanejad in neutral zone.
5:49 of 2nd period - Riley Sheahan is hit by Matt Frattin and loses puck.
6:22 of 2nd period - Jeff Petry is hit by Jerome Samson and loses puck.
6:53 of 2nd period - Francis Paré is hit by Arturs Kulda and loses puck.
7:00 of 2nd period - Ian Cole is hit by Curtis Hamilton.
7:10 of 2nd period - Snap shot by Ryan Dzingel.
7:10 of 2nd period - Stopped by Peter Mannino without a rebound.
7:11 of 2nd period - Riley Sheahan wins face-off versus Stephane Da Costa in Mustangs zone.
7:16 of 2nd period - Slapshot by Andrew Shaw.
7:16 of 2nd period - Shot Misses the Net.
7:18 of 2nd period - Wrist shot by Andrew Shaw.
7:18 of 2nd period - Stopped by Brad Thiessen with a rebound.
7:22 of 2nd period - Snap shot by Andrew Shaw.
7:22 of 2nd period - Goal by Andrew Shaw - Senators : 3 - Mustangs : 2.
7:23 of 2nd period - Mika Zibanejad wins face-off versus Stephane Da Costa in neutral zone.
8:34 of 2nd period - Wrist shot by Ryan Dzingel.
8:34 of 2nd period - Shot Blocked by Andreas Athanasiou.
8:34 of 2nd period - Andreas Athanasiou from Mustangs is injured at 8:34 of 2nd period (Sports Hernia).
8:35 of 2nd period - Gabriel Bourque wins face-off versus Mika Zibanejad in Mustangs zone.
8:36 of 2nd period - Snap shot by Stephane Da Costa.
8:36 of 2nd period - Shot Misses the Net.
8:38 of 2nd period - Slapshot by Gabriel Bourque.
8:38 of 2nd period - Shot Misses the Net.
8:45 of 2nd period - Cameron Gaunce is hit by Gabriel Bourque and loses puck.
9:10 of 2nd period - Snap shot by Gabriel Bourque.
9:10 of 2nd period - Shot Misses the Net.
9:22 of 2nd period - Snap shot by Chris Thorburn.
9:22 of 2nd period - Shot Blocked by Joshua Leivo.
9:24 of 2nd period - Slapshot by Ian Cole.
9:24 of 2nd period - Stopped by Peter Mannino without a rebound.
9:25 of 2nd period - Tommy Wingels wins face-off versus Mika Zibanejad in Mustangs zone.
9:26 of 2nd period - Snap shot by Matt Frattin.
9:26 of 2nd period - Stopped by Peter Mannino with a rebound.
9:28 of 2nd period - Snap shot by Tommy Wingels.
9:28 of 2nd period - Stopped by Peter Mannino with a rebound.
9:30 of 2nd period - Snap shot by Matt Frattin.
9:30 of 2nd period - Goal by Matt Frattin - Senators : 4 - Mustangs : 2.
9:31 of 2nd period - Mika Zibanejad wins face-off versus Tommy Wingels in neutral zone.
10:00 of 2nd period - Slapshot by Stephane Da Costa.
10:00 of 2nd period - Stopped by Peter Mannino with a rebound.
10:02 of 2nd period - Slapshot by Shane Sims.
10:02 of 2nd period - Shot Blocked by Derek Joslin.
10:04 of 2nd period - Snap shot by Chris Thorburn.
10:04 of 2nd period - Shot Misses the Net.
11:00 of 2nd period - Snap shot by Matt Frattin.
11:00 of 2nd period - Goal by Matt Frattin - Senators : 5 - Mustangs : 2.
11:00 of 2nd period - Chet Pickard enters game.
11:01 of 2nd period - Stephane Da Costa wins face-off versus Mika Zibanejad in neutral zone.
11:10 of 2nd period - Wrist shot by Stephane Da Costa.
11:10 of 2nd period - Stopped by Chet Pickard with a rebound.
11:35 of 2nd period - Snap shot by Stephane Da Costa.
11:35 of 2nd period - Stopped by Chet Pickard without a rebound.
11:36 of 2nd period - Tommy Wingels wins face-off versus Mika Zibanejad in Mustangs zone.
11:37 of 2nd period - Slapshot by Patrick Bordeleau.
11:37 of 2nd period - Shot Misses the Net.
11:45 of 2nd period - Patrick Bordeleau is hit by Marcus Foligno and loses puck.
11:52 of 2nd period - Wrist shot by Josh Jooris.
11:52 of 2nd period - Shot Misses the Net.
12:02 of 2nd period - Wrist shot by Ryan Dzingel.
12:02 of 2nd period - Deflect By Shane Prince.
12:02 of 2nd period - Stopped by Chet Pickard with a rebound.
12:04 of 2nd period - Wrist shot by Shane Prince.
12:04 of 2nd period - Shot Blocked by Derek Joslin.
12:06 of 2nd period - Wrist shot by Ryan Dzingel.
12:06 of 2nd period - Stopped by Chet Pickard with a rebound.
12:08 of 2nd period - Slapshot by Olli Maatta.
12:08 of 2nd period - Shot Misses the Net.
12:33 of 2nd period - Slapshot by Brady Skjei.
12:33 of 2nd period - Deflect By Francis Paré.
12:33 of 2nd period - Stopped by Brad Thiessen with a rebound.
12:35 of 2nd period - Snap shot by Mika Zibanejad.
12:35 of 2nd period - Goal by Mika Zibanejad - Senators : 5 - Mustangs : 3.
12:36 of 2nd period - Stephane Da Costa wins face-off versus Marcus Foligno in neutral zone.
13:08 of 2nd period - Wrist shot by Tommy Wingels.
13:08 of 2nd period - Stopped by Chet Pickard without a rebound.
13:09 of 2nd period - Tommy Wingels wins face-off versus Mika Zibanejad in Mustangs zone.
13:14 of 2nd period - Snap shot by Patrick Bordeleau.
13:14 of 2nd period - Stopped by Chet Pickard without a rebound.
13:15 of 2nd period - Tommy Wingels wins face-off versus Marcus Foligno in Mustangs zone.
13:18 of 2nd period - Snap shot by Matt Frattin.
13:18 of 2nd period - Stopped by Chet Pickard without a rebound.
13:19 of 2nd period - Tommy Wingels wins face-off versus Marcus Foligno in Mustangs zone.
13:36 of 2nd period - Slapshot by Matt Frattin.
13:36 of 2nd period - Stopped by Chet Pickard without a rebound.
13:37 of 2nd period - Stephane Da Costa wins face-off versus Riley Sheahan in Mustangs zone.
14:07 of 2nd period - Cameron Gaunce is hit by Matt Frattin and loses puck.
14:14 of 2nd period - Snap shot by Patrick Bordeleau.
14:14 of 2nd period - Shot Misses the Net.
14:26 of 2nd period - Slapshot by Arturs Kulda.
14:26 of 2nd period - Deflect By Tomas Jurco.
14:26 of 2nd period - Goal by Tomas Jurco - Senators : 6 - Mustangs : 3.
14:27 of 2nd period - Stephane Da Costa wins face-off versus Mika Zibanejad in neutral zone.
14:39 of 2nd period - Wrist shot by Gabriel Bourque.
14:39 of 2nd period - Stopped by Chet Pickard without a rebound.
14:40 of 2nd period - Stephane Da Costa wins face-off versus Mika Zibanejad in Mustangs zone.
14:43 of 2nd period - Snap shot by Stephane Da Costa.
14:43 of 2nd period - Stopped by Chet Pickard without a rebound.
14:44 of 2nd period - Mika Zibanejad wins face-off versus Stephane Da Costa in Mustangs zone.
15:15 of 2nd period - Tommy Wingels is hit by Andrew Shaw and loses puck.
15:56 of 2nd period - Slapshot by Riley Sheahan.
15:56 of 2nd period - Stopped by Brad Thiessen without a rebound.
15:57 of 2nd period - Stephane Da Costa wins face-off versus Riley Sheahan in Senators zone.
16:43 of 2nd period - Snap shot by Phil Di Giuseppe.
16:43 of 2nd period - Stopped by Chet Pickard with a rebound.
16:58 of 2nd period - Icing by Marcus Foligno.
16:59 of 2nd period - Jim O'Brien wins face-off versus Shane Prince in Mustangs zone.
17:12 of 2nd period - Slapshot by Brady Skjei.
17:12 of 2nd period - Stopped by Brad Thiessen with a rebound.
17:24 of 2nd period - Mika Zibanejad is hit by Stephane Da Costa and loses puck.
17:31 of 2nd period - Wrist shot by Stephane Da Costa.
17:31 of 2nd period - Stopped by Chet Pickard with a rebound.
17:33 of 2nd period - Slapshot by Arturs Kulda.
17:33 of 2nd period - Stopped by Chet Pickard without a rebound.
17:34 of 2nd period - Stephane Da Costa wins face-off versus Riley Sheahan in Mustangs zone.
17:49 of 2nd period - Snap shot by Riley Sheahan.
17:49 of 2nd period - Shot Misses the Net.
18:06 of 2nd period - Slapshot by Chris Thorburn.
18:06 of 2nd period - Stopped by Chet Pickard without a rebound.
18:07 of 2nd period - Tommy Wingels wins face-off versus Mika Zibanejad in Mustangs zone.
18:10 of 2nd period - Wrist shot by Tommy Wingels.
18:10 of 2nd period - Shot Misses the Net.
18:13 of 2nd period - Icing by Derek Joslin.
18:14 of 2nd period - Mika Zibanejad wins face-off versus Tommy Wingels in Mustangs zone.
18:14 of 2nd period - Mika Zibanejad is hit by Arturs Kulda.
18:29 of 2nd period - Minor Penalty to Matt Frattin for Holding.
18:30 of 2nd period - Josh Jooris wins face-off versus Stephane Da Costa in Senators zone.
18:36 of 2nd period - Wrist shot by Marcus Foligno.
18:36 of 2nd period - Shot Misses the Net.
18:38 of 2nd period - Snap shot by Brady Skjei.
18:38 of 2nd period - Shot Misses the Net.
18:40 of 2nd period - Wrist shot by Cameron Gaunce.
18:40 of 2nd period - Shot Blocked by Arturs Kulda.
18:42 of 2nd period - Snap shot by Brady Skjei.
18:42 of 2nd period - Stopped by Brad Thiessen with a rebound.
19:06 of 2nd period - Slapshot by Andrew Shaw.
19:06 of 2nd period - Stopped by Brad Thiessen with a rebound.
19:32 of 2nd period - Shane Sims is hit by Andrew Shaw and loses puck.
Goals for this period are 4 for Senators vs 2 for Mustangs.
Shots for this period are 24 for Senators vs 9 for Mustangs.
3rd period
0:01 of 3rd period - Mika Zibanejad wins face-off versus Stephane Da Costa in neutral zone.
0:29 of 3rd period - Penalty to Matt Frattin is over, Matt Frattin is back on ice.
0:34 of 3rd period - Arturs Kulda is hit by Jim O'Brien and loses puck.
0:39 of 3rd period - Snap shot by Jerome Samson.
0:39 of 3rd period - Stopped by Brad Thiessen with a rebound.
0:41 of 3rd period - Snap shot by Brady Skjei.
0:41 of 3rd period - Shot Blocked by Arturs Kulda.
0:43 of 3rd period - Snap shot by Jim O'Brien.
0:43 of 3rd period - Deflect By Jerome Samson.
0:43 of 3rd period - Stopped by Brad Thiessen with a rebound.
0:45 of 3rd period - Snap shot by Cameron Gaunce.
0:45 of 3rd period - Shot Misses the Net.
0:55 of 3rd period - Slapshot by Ian Cole.
0:55 of 3rd period - Shot Misses the Net.
0:57 of 3rd period - Snap shot by Ryan Dzingel.
0:57 of 3rd period - Stopped by Chet Pickard without a rebound.
0:58 of 3rd period - Riley Sheahan wins face-off versus Shane Prince in Mustangs zone.
1:06 of 3rd period - Off-side.
1:07 of 3rd period - Mika Zibanejad wins face-off versus Tommy Wingels in neutral zone.
1:07 of 3rd period - Derek Joslin is hit by Shane Sims and loses puck.
1:34 of 3rd period - Shane Sims is hit by Mark Pysyk and loses puck.
1:47 of 3rd period - Minor Penalty to Andrew Shaw for Hooking.
1:48 of 3rd period - Riley Sheahan wins face-off versus Gabriel Bourque in Mustangs zone.
1:48 of 3rd period - Riley Sheahan is hit by Chris Thorburn.
3:47 of 3rd period - Penalty to Andrew Shaw is over, Andrew Shaw is back on ice.
3:56 of 3rd period - Wrist shot by Ryan Dzingel.
3:56 of 3rd period - Stopped by Chet Pickard with a rebound.
4:22 of 3rd period - Wrist shot by Tomas Jurco.
4:22 of 3rd period - Goal by Tomas Jurco - Senators : 7 - Mustangs : 3.
4:23 of 3rd period - Riley Sheahan wins face-off versus Stephane Da Costa in neutral zone.
5:10 of 3rd period - Slapshot by Matt Frattin.
5:10 of 3rd period - Shot Blocked by Derek Joslin.
5:15 of 3rd period - Mark Pysyk is hit by Ryan Dzingel.
5:40 of 3rd period - Slapshot by Derek Joslin.
5:40 of 3rd period - Shot Misses the Net.
6:37 of 3rd period - Slapshot by Arturs Kulda.
6:37 of 3rd period - Deflect By Shane Prince.
6:37 of 3rd period - Shot Blocked by Scott Mayfield.
6:37 of 3rd period - Puck is out of play.
6:38 of 3rd period - Riley Sheahan wins face-off versus Stephane Da Costa in Mustangs zone.
7:03 of 3rd period - Andrew Shaw is hit by Ryan Dzingel and loses puck.
7:46 of 3rd period - Snap shot by Riley Sheahan.
7:46 of 3rd period - Stopped by Brad Thiessen with a rebound.
7:48 of 3rd period - Slapshot by Alexei Marchenko.
7:48 of 3rd period - Shot Misses the Net.
7:50 of 3rd period - Wrist shot by Riley Sheahan.
7:50 of 3rd period - Mustangs goal is going for a video replay.
7:50 of 3rd period - The goal is good.
7:50 of 3rd period - Goal by Riley Sheahan - Senators : 7 - Mustangs : 4.
7:51 of 3rd period - Mika Zibanejad wins face-off versus Stephane Da Costa in neutral zone.
8:04 of 3rd period - Slapshot by Mika Zibanejad.
8:04 of 3rd period - Shot Blocked by Chris Thorburn.
9:02 of 3rd period - Joshua Leivo is hit by Stephane Da Costa and loses puck.
9:09 of 3rd period - Snap shot by Gabriel Bourque.
9:09 of 3rd period - Stopped by Chet Pickard with a rebound.
9:11 of 3rd period - Snap shot by Gabriel Bourque.
9:11 of 3rd period - Stopped by Chet Pickard without a rebound.
9:12 of 3rd period - Riley Sheahan wins face-off versus Tommy Wingels in Mustangs zone.
9:12 of 3rd period - Riley Sheahan is hit by Shane Sims.
9:20 of 3rd period - Wrist shot by Tommy Wingels.
9:20 of 3rd period - Stopped by Chet Pickard without a rebound.
9:21 of 3rd period - Tommy Wingels wins face-off versus Riley Sheahan in Mustangs zone.
9:36 of 3rd period - Slapshot by Matt Frattin.
9:36 of 3rd period - Stopped by Chet Pickard with a rebound.
9:54 of 3rd period - Wrist shot by Riley Sheahan.
9:54 of 3rd period - Stopped by Brad Thiessen without a rebound.
9:55 of 3rd period - Stephane Da Costa wins face-off versus Josh Jooris in Senators zone.
10:00 of 3rd period - Slapshot by Shane Sims.
10:00 of 3rd period - Stopped by Chet Pickard without a rebound.
10:01 of 3rd period - Stephane Da Costa wins face-off versus Mika Zibanejad in Mustangs zone.
11:57 of 3rd period - Mark Pysyk is hit by Olli Maatta and loses puck.
12:03 of 3rd period - Minor Penalty to Jeff Petry for Close Hand On Puck.
12:04 of 3rd period - Marcus Foligno wins face-off versus Stephane Da Costa in Senators zone.
12:09 of 3rd period - Slapshot by Josh Jooris.
12:09 of 3rd period - Shot Blocked by Logan Stephenson.
12:11 of 3rd period - Slapshot by Cameron Gaunce.
12:11 of 3rd period - Stopped by Brad Thiessen with a rebound.
12:13 of 3rd period - Snap shot by Mika Zibanejad.
12:13 of 3rd period - Shot Blocked by Logan Stephenson.
12:15 of 3rd period - Snap shot by Mika Zibanejad.
12:15 of 3rd period - Shot Misses the Net.
12:17 of 3rd period - Backhand shot by Mika Zibanejad.
12:17 of 3rd period - Goal by Mika Zibanejad - Senators : 7 - Mustangs : 5.
12:18 of 3rd period - Stephane Da Costa wins face-off versus Mika Zibanejad in neutral zone.
12:23 of 3rd period - Snap shot by Stephane Da Costa.
12:23 of 3rd period - Shot Blocked by Mika Zibanejad.
12:48 of 3rd period - Slapshot by Ian Cole.
12:48 of 3rd period - Shot Blocked by Cameron Gaunce.
13:20 of 3rd period - Cameron Gaunce is hit by Ryan Dzingel and loses puck.
13:33 of 3rd period - Slapshot by Tomas Jurco.
13:33 of 3rd period - Goal by Tomas Jurco - Senators : 8 - Mustangs : 5.
13:34 of 3rd period - Stephane Da Costa wins face-off versus Mika Zibanejad in neutral zone.
13:59 of 3rd period - Andrew Shaw is hit by Matt Frattin and loses puck.
14:11 of 3rd period - Off-side.
14:12 of 3rd period - Gabriel Bourque wins face-off versus Jim O'Brien in neutral zone.
15:49 of 3rd period - Snap shot by Riley Sheahan.
15:49 of 3rd period - Stopped by Brad Thiessen with a rebound.
15:51 of 3rd period - Wrist shot by Riley Sheahan.
15:51 of 3rd period - Deflect By Jeff Petry.
15:51 of 3rd period - Stopped by Brad Thiessen with a rebound.
15:53 of 3rd period - Snap shot by Tomas Tatar.
15:53 of 3rd period - Shot Hit the Post.
15:55 of 3rd period - Slapshot by Brady Skjei.
15:55 of 3rd period - Stopped by Brad Thiessen with a rebound.
17:09 of 3rd period - Snap shot by Andrew Shaw.
17:09 of 3rd period - Shot Misses the Net.
17:11 of 3rd period - Slapshot by Cameron Gaunce.
17:11 of 3rd period - Stopped by Brad Thiessen without a rebound.
17:12 of 3rd period - Stephane Da Costa wins face-off versus Mika Zibanejad in Senators zone.
17:27 of 3rd period - Snap shot by Mika Zibanejad.
17:27 of 3rd period - Shot Blocked by Ian Cole.
17:37 of 3rd period - Patrick Bordeleau is hit by Jim O'Brien and loses puck.
18:00 of 3rd period - Wrist shot by Mika Zibanejad.
18:00 of 3rd period - Goal by Mika Zibanejad - Senators : 8 - Mustangs : 6.
18:01 of 3rd period - Mika Zibanejad wins face-off versus Shane Prince in neutral zone.
18:09 of 3rd period - Off-side.
18:10 of 3rd period - Mika Zibanejad wins face-off versus Shane Prince in neutral zone.
18:13 of 3rd period - Ryan Dzingel is hit by Marcus Foligno and loses puck.
18:18 of 3rd period - Backhand shot by Mika Zibanejad.
18:18 of 3rd period - Stopped by Brad Thiessen with a rebound.
18:20 of 3rd period - Snap shot by Josh Jooris.
18:20 of 3rd period - Shot Blocked by Shane Sims.
19:39 of 3rd period - Icing by Marcus Foligno.
19:40 of 3rd period - Tommy Wingels wins face-off versus Mika Zibanejad in Mustangs zone.
19:49 of 3rd period - Tommy Wingels is hit by Josh Jooris and loses puck.
Goals for this period are 2 for Senators vs 3 for Mustangs.
Shots for this period are 9 for Senators vs 13 for Mustangs.
Back to the Top